Map: Prion Terraces

Players

LindyHop - Winner!

  • Race: Zerg Zerg
  • League: Platinum

Thor

  • Race: Protoss Protoss
  • League: Diamond

VOD

Have the link to the VOD?

Description

Time

  • Played on: Jan. 16, 2016, 6:59 p.m.
  • Length: 15:35
Show
View Real Time Build Order
Export as new Build Order

LindyHop Zerg - Winner!

Build Orders: Hatch First 

Get SALT Encoding   

  12  0:01  Drone  
  13  0:14  Overlord  
  13  0:18  Drone  
  14  0:33  Drone x2  
  16  0:36  Drone  
  17  0:55  Drone  
  18  0:57  Hatchery  
  18  1:01  Drone, Extractor  
  17  1:17  Spawning Pool  
  17  1:18  Drone  
  17  1:26  Drone  
  18  1:35  Drone  
  19  1:41  Overlord  
  19  2:06  Metabolic Boost  
  19  2:07  Queen  
  21  2:09  Queen  
  21  2:10  Zergling x2  
  21  2:11  Zergling x2  
  21  2:13  Drone  
  26  2:17  Drone  
  27  2:40  Hatchery  
  26  2:48  Drone x3  
  26  2:49  Drone  
  30  2:59  Overlord  
  30  3:06  Drone x3  
  33  3:19  Drone, Roach Warren  
  33  3:27  Drone  
  33  3:28  Drone x3  
  37  3:35  Drone x3  
  37  3:39  Overlord  
  40  3:46  Spore Crawler  
  39  3:49  Spore Crawler  
  38  4:01  Drone  
  38  4:02  Drone  
  40  4:05  Spore Crawler  
  40  4:08  Drone x2  
  40  4:09  Lair  
  40  4:12  Extractor  
  40  4:15  Evolution Chamber  
  38  4:26  Drone x2  
  38  4:27  Drone x4  
  44  4:37  Burrow  
  43  4:39  Extractor  
  43  4:40  Extractor  
  43  4:42  Roach x5  
  47  4:49  Spine Crawler  
  47  4:52  Roach  
  45  4:53  Roach  
  45  4:57  Roach  
  45  4:59  Zergling x2  
  48  5:03  Drone  
  49  5:11  Overlord  
  49  5:12  Overseer  
  49  5:19  Drone x3  
  49  5:20  Drone  
  53  5:35  Drone x5  
  58  5:45  Spire  
  57  5:54  Extractor  
  57  5:55  Drone x4  
  60  5:58  Extractor  
  59  6:05  Queen  
  61  6:13  Zerg Ground Armor Level 1  
  61  6:15  Queen  
  61  6:17  Overlord  
  63  6:28  Roach  
  63  6:30  Overlord x2  
  65  6:39  Overseer  
  64  7:03  Mutalisk x4  
  72  7:13  Zerg Flyer Weapons Level 1  
  72  7:15  Drone x2  
  73  7:16  Drone  
  73  7:17  Drone x14  
  88  7:43  Overlord x4  
  85  8:02  Roach  
  85  8:03  Roach x6  
  99  8:11  Hydralisk Den  
  99  8:12  Zergling x2  
  99  8:24  Hatchery, Mutalisk x4  
  105  8:42  Zergling x12  
  105  8:43  Zergling x2  
  112  8:56  Mutalisk  
  112  8:59  Overlord x2  
  112  9:00  Overlord  
  114  9:17  Hydralisk x3  
  120  9:25  Overseer  
  120  9:27  Hydralisk x2  
  120  9:31  Hydralisk x3  
  124  9:32  Hydralisk  
  124  9:33  Hydralisk  
  124  9:35  Zerg Missile Weapons Level 1  
  134  9:45  Hydralisk x3  
  136  9:47  Hydralisk  
  136  9:51  Hatchery  
  136  9:52  Muscular Augments  
  141  10:05  Hydralisk  
  141  10:06  Hydralisk  
  145  10:07  Overlord x2  
  145  10:18  Hydralisk  
  146  10:34  Hydralisk  
  146  10:35  Hydralisk x6  
  139  10:45  Zergling x2  
  139  10:46  Zergling x12  
  130  10:53  Hydralisk  
  130  10:54  Hydralisk  
  130  10:57  Hydralisk  
  126  11:00  Zergling x2  
  125  11:04  Zergling x2  
  125  11:05  Zergling x2  
  127  11:29  Hatchery, Extractor  
  127  11:31  Extractor  
  120  11:35  Drone x9  
  99  12:01  Overseer  
  99  12:12  Drone x9  
  108  12:20  Drone  
  109  12:28  Mutalisk x4  
  109  12:29  Mutalisk  
  117  12:35  Zergling x2  
  120  12:46  Mutalisk x3  
  120  12:47  Mutalisk  
  128  13:08  Mutalisk, Extractor  
  128  13:09  Mutalisk x4  
  137  13:21  Mutalisk  
  139  13:27  Mutalisk  
  139  13:30  Drone x5  
  145  13:43  Evolution Chamber  
  144  13:54  Hydralisk x7  
  158  13:57  Hydralisk  
  158  14:22  Extractor  
  157  14:33  Hydralisk  
  157  14:34  Hydralisk x3  
  157  14:35  Overlord x4  
  165  14:41  Infestation Pit  
  164  14:56  Hatchery  
  161  15:05  Hydralisk  
  161  15:06  Roach  
  174  15:07  Roach x8  
Show
View Real Time Build Order
Export as new Build Order

Thor Protoss 

Build Orders: Zealot Archon, Dark Templar Rush 

Get SALT Encoding   

  12  0:01  Probe (Chrono Boost)  
  13  0:12  Probe (Chrono Boost)  
  14  0:21  Pylon  
  14  0:22  Probe (Chrono Boost)  
  15  0:39  Probe (Chrono Boost)  
  15  0:42  Gateway  
  16  0:49  Assimilator  
  16  0:50  Probe (Chrono Boost)  
  17  1:01  Probe (Chrono Boost)  
  19  1:11  Probe (Chrono Boost)  
  19  1:15  Assimilator  
  19  1:22  Probe (Chrono Boost), Pylon  
  20  1:32  Cybernetics Core  
  20  1:36  Zealot  
  22  1:44  Pylon  
  22  1:51  Probe (Chrono Boost)  
  23  2:02  Probe (Chrono Boost)  
  24  2:11  Twilight Council  
  24  2:13  Mothership Core (Chrono Boost)  
  26  2:22  Warp Gate (Chrono Boost)  
  26  2:23  Pylon  
  26  2:33  Probe  
  27  2:44  Gateway  
  27  2:55  Probe  
  28  3:03  Dark Shrine  
  28  3:08  Resonating Glaives (Chrono Boost)  
  28  3:25  Nexus  
  28  3:30  Probe  
  29  3:46  Gateway  
  29  3:55  Probe  
  30  4:19  Dark Templar x2  
  34  4:29  Probe  
  35  4:41  Probe  
  33  5:04  Dark Templar x2  
  37  5:12  Pylon  
  37  5:14  Probe, Assimilator  
  37  5:18  Pylon  
  37  5:19  Adept  
  40  5:24  Charge (Chrono Boost)  
  40  5:25  Probe  
  41  5:35  Probe  
  41  5:38  Adept x2  
  41  5:41  Zealot  
  48  5:46  Probe  
  49  5:50  Gateway  
  49  5:51  Gateway  
  49  5:53  Gateway  
  49  5:54  Gateway  
  49  5:59  Probe  
  50  6:09  Probe  
  50  6:10  Dark Templar  
  53  6:12  Dark Templar  
  55  6:20  Probe  
  55  6:24  Adept  
  58  6:30  Probe  
  59  6:45  Dark Templar  
  59  6:46  Dark Templar  
  63  6:48  Zealot  
  63  6:50  Zealot x3  
  63  6:51  Zealot  
  73  6:59  Archon x2  
  73  7:00  Archon  
  73  7:08  Probe  
  73  7:15  Adept x2  
  78  7:21  Pylon  
  78  7:24  Pylon  
  78  7:33  Probe  
  78  7:44  Zealot x3  
  78  7:45  Probe, Zealot x3  
  91  8:01  Dark Templar  
  93  8:13  Stargate  
  93  8:14  Stargate  
  93  8:18  Assimilator  
  93  8:37  Nexus  
  93  8:40  Pylon x2  
  93  8:50  Pylon  
  93  8:52  Pylon  
  93  9:00  Void Ray x2 (Chrono Boost)  
  101  9:05  Protoss Air Weapons Level 1  
  101  9:12  Forge  
  101  9:23  Pylon  
  101  9:30  Assimilator  
  101  9:34  Assimilator  
  101  9:39  Void Ray (Chrono Boost)  
  109  9:46  Void Ray (Chrono Boost)  
  109  9:58  Pylon  
  109  10:01  Protoss Ground Weapons Level 1  
  109  10:05  Probe  
  110  10:17  Probe  
  111  10:21  Pylon  
  111  10:22  Probe  
  112  10:33  Probe  
  105  10:38  Adept  
  105  10:39  Adept x4  
  87  10:43  Probe  
  87  10:46  Adept  
  68  10:54  Probe  
  47  11:05  Adept x5  
  49  11:20  Sentry  
  50  11:38  Adept  
  50  11:39  Adept x3  
  56  11:53  Adept  
  56  11:54  Adept  
  56  12:09  Adept x3  
  56  12:12  Pylon  
  60  12:23  Templar Archives  
  60  12:33  Pylon  
  60  13:04  High Templar x4  
  60  13:05  High Templar x2  
  71  13:10  Archon x2  
  71  13:11  Archon  
  71  13:20  Protoss Ground Weapons Level 2 (Chrono Boost)  
  71  13:33  Psionic Storm  
  71  13:35  High Templar x2  
  71  13:39  Adept x2  
  71  13:40  Adept x2  
  83  13:53  Archon  
  77  14:11  Adept x4  
  85  14:21  High Templar x2  
  89  14:38  High Templar x2  
  93  14:41  Stalker  
  93  14:45  Adept  
Tags
 
Add a new tag
Caveats
  • Supply blocks, unpowered buildings, or Contaminate may cause inaccurate times.
  • Supply counts are checked every 10 seconds.